 Dungeon Crawl Stone Soup version 0.32-a0-350-g4f4d228785 (webtiles) character file.

Game seed: 6685617936503369901

1458 jestert79 the Cleaver (level 8, 0/67 HPs)
             Began as a Mountain Dwarf Reaver on Feb 17, 2024.
             Was a Follower of Yredelemnul.
             Slain by a sky beast (4 damage)
             ... on level 6 of the Dungeon.
             The game lasted 00:12:15 (5128 turns).

jestert79 the Cleaver (Mountain Dwarf Reaver)       Turns: 5128, Time: 00:12:16

Health: 0/67       AC:  5    Str: 24    XL:     8   Next: 47%
Magic:  11/11      EV: 11    Int: 13    God:    Yredelemnul [*.....]
Gold:   186        SH:  0    Dex:  8    Spells: 8/11 levels left

rFire   . . .        a - +0 hand axe
rCold   . . .        (no shield)
rNeg    . . .        i - +1 leather armour {rPois}
rPois   +            v - +0 helmet
rElec   .            (no cloak)
rCorr   .            (no gloves)
SInv    .            (no boots)
Will    .....        (no amulet)
Stlth   +            k - +4 ring of slaying
HPRegen 0.31/turn    z - +6 ring of strength
MPRegen 0.12/turn

%: no passive effects
@: wreathed by umbra
A: runic magic, artefact enchanting
a: Renounce Religion, Light the Black Torch, Recall Undead Harvest


You were on level 6 of the Dungeon.
You worshipped Yredelemnul.
Yredelemnul was noncommittal.
You visited 2 branches of the dungeon, and saw 7 of its levels.

You collected 186 gold pieces.

Inventory:

Hand Weapons
 a - a +0 hand axe (weapon)
Armour
 i - a +1 leather armour of poison resistance (worn)
 v - a +0 helmet (worn)
Jewellery
 k - a +4 ring of slaying (left hand)
 u - a ring of magical power
 w - a ring of poison resistance
 y - a ring of wizardry
 z - a +6 ring of strength (right hand)
 A - a +4 ring of protection
Wands
 o - a wand of iceblast (3)
 x - a wand of paralysis (13)
Scrolls
 b - a scroll of poison {unknown}
 d - a scroll of amnesia {unknown}
 e - 2 scrolls of teleportation {unknown}
 f - a scroll of brand weapon {unknown}
 h - a scroll of silence {unknown}
 j - a scroll of immolation {unknown}
 s - 7 scrolls of identify {unknown}
 C - a scroll of blinking {unknown}
Potions
 c - a potion of magic {unknown}
 g - 2 potions of degeneration {unknown}
 l - a potion of berserk rage {unknown}
 m - 2 potions of ambrosia {unknown}
 n - 3 potions of lignification
 p - 2 potions of haste {unknown}
 q - a potion of enlightenment {unknown}
 r - a potion of cancellation {unknown}
 t - a potion of curing {unknown}
 B - 2 potions of mutation {unknown}


   Skills:
 + Level 4.7 Fighting
 * Level 9.6 Axes
 + Level 2.5 Dodging
 - Level 2.0 Spellcasting
 - Level 4.4 Conjurations
 - Level 3.0 Translocations


You had 8 spell levels left.
You knew the following spells:

 Your Spells              Type           Power      Damage    Failure   Level
a - Kiss of Death         Conj/Necr      28%        2d7       11%         1
b - Momentum Strike       Conj/Tloc      22%        3d8       9%          2

Your spell library contained the following spells:

 Spells                   Type           Power      Damage    Failure   Level
 Magic Dart               Conj           48%        1d5       4%          1
 Searing Ray              Conj           24%        2d5       6%          2
 Hailstorm                Conj/Ice       7%         3d5       32%         3
 Stone Arrow              Conj/Erth      14%        3d7       32%         3
 Fulminant Prism          Conj/Alch      3%         3d5       71%         4
 Animate Armour           Summ/Erth      2%         N/A       95%         4
 Lehudib's Crystal Spear  Conj/Erth      3%         10d3      100%        8


Dungeon Overview and Level Annotations

Branches:
Dungeon (6/15)             Temple (1/1) D:4

Altars:
Ashenzari
Elyvilon
Fedhas
Gozag
Hepliaklqana
Kikubaaqudgha
Makhleb
Nemelex Xobeh
Okawaru
Qazlal
Ru
Sif Muna
Trog
Vehumet
Wu Jian
Xom
Yredelemnul
Zin
The Shining One


Innate Abilities, Weirdness & Mutations

Your spellcasting is much less encumbered by armour.
You can use scrolls of enchantment on lesser artefacts.


Message History

Your spectral white imp barely misses something.
Something barely misses you.
You barely miss something. Something hits you.
* * * LOW HITPOINT WARNING * * *
Something shocks you.
* * * LOW HITPOINT WARNING * * *
Your spectral white imp hits something.
Unknown command.
You hit something.
Your spectral white imp hits something but does no damage.
Something hits your spectral white imp.
Something shocks your spectral white imp.
Unknown command.
You closely miss something. Something hits you.
* * * LOW HITPOINT WARNING * * *
Something shocks you.
* * * LOW HITPOINT WARNING * * *
Your spectral white imp hits something but does no damage.
Unknown command.
Okay, then.
Unknown command.
You miss something.
A scorpion comes into view.
Unknown command.
Unknown command.
Unknown command.
Your spectral white imp misses something.
Unknown command.
You hit something. Something hits you but does no damage.
Your spectral white imp hits something.
The scorpion stings your spectral white imp but does no damage.
Unknown command.
You miss something.
Your spectral white imp misses something.
The scorpion stings your spectral white imp but does no damage.
Something hits you.
* * * LOW HITPOINT WARNING * * *
Something shocks you.
You die...
Your body rises from the dead as a mindless zombie.

.. ##. ... #..
...# ##.#
....##..#
.....#..#
........## #
.......Z.##
#..
#s...#####....
###@..#....#
#....<..#
#......##
........##
#.......#
##......#
##.....#
##.$.## #...


You could see a scorpion and a friendly spectral white imp.

Vanquished Creatures
  Prince Ribbit (D:5)
  A black bear (D:4)
  2 ogres
  2 phantoms (D:5)
  3 bombardier beetles (D:5)
  2 orc priests
  A hound (D:4)
  2 iguanas
  2 orc wizards
  8 adders
  2 white imps
  An ufetubus (D:5)
  3 ribbon worms (D:2)
  16 orcs
  7 ball pythons
  4 endoplasms
  6 giant cockroaches
  7 goblins
  4 hobgoblins
  6 jackals
  4 kobolds
  3 quokkas
  6 bats
  8 frilled lizards
  5 rats
106 creatures vanquished.

Vanquished Creatures (collateral kills)
  A black bear (D:5)
  An ice beast (D:5)
  2 hounds
  A jelly (D:5)
  An ufetubus (D:5)
  2 dart slugs (D:5)
8 creatures vanquished.

Vanquished Creatures (others)
  An adder zombie (D:5)
  An iguana zombie (D:5)
  A bombardier beetle zombie (D:5)
  A spectral ufetubus (D:5)
4 creatures vanquished.

Grand Total: 118 creatures vanquished

Notes
Turn   | Place    | Note
-------+----------+-------------------------------------------
     0 | D:1      | jestert79 the Mountain Dwarf Reaver began the quest for the
                  | Orb.
     0 | D:1      | Reached XP level 1. HP: 17/17 MP: 3/3
    10 | D:1      | Noticed a centaur
    35 | D:1      | Reached skill level 4 in Axes
    41 | D:1      | Reached XP level 2. HP: 22/24 MP: 4/4
   338 | D:1      | Reached skill level 5 in Axes
   617 | D:2      | Reached XP level 3. HP: 29/29 MP: 5/5
   923 | D:2      | Reached XP level 4. HP: 32/36 MP: 6/6
   997 | D:2      | Reached skill level 6 in Axes
  2207 | D:3      | Reached skill level 7 in Axes
  2207 | D:3      | Reached XP level 5. HP: 17/41 MP: 7/7
  2208 | D:3      | HP: 1/41 [orc priest/nerve-wracking pain (10)]
  2829 | D:3      | Learned a level 2 spell: Momentum Strike
  2899 | D:4      | Found a staircase to the Ecumenical Temple.
  2900 | D:4      | Noticed a black bear
  2929 | D:4      | Killed a black bear
  2930 | D:4      | Reached skill level 8 in Axes
  2930 | D:4      | Reached XP level 6. HP: 22/51 MP: 8/8
  3364 | D:4      | Found a blossoming altar of Fedhas.
  3372 | D:4      | Found a sparkling altar of Nemelex Xobeh.
  3377 | D:4      | Found a radiant altar of Vehumet.
  3391 | D:4      | Found a bloodstained altar of Trog.
  3398 | D:4      | Found a burning altar of Makhleb.
  3404 | D:4      | Found an ancient bone altar of Kikubaaqudgha.
  3408 | D:4      | Found a white marble altar of Elyvilon.
  3516 | D:4      | Reached skill level 1 in Translocations
  3516 | D:4      | Reached XP level 7. HP: 38/57 MP: 8/10
  3639 | Temple   | Entered the Ecumenical Temple
  3660 | Temple   | Became a worshipper of Yredelemnul the Fallen
  4033 | D:5      | Entered Level 5 of the Dungeon
  4411 | D:5      | Noticed Prince Ribbit
  4425 | D:5      | Killed Prince Ribbit
  4426 | D:5      | Reached XP level 8. HP: 38/66 MP: 11/11
  4742 | D:5      | Reached skill level 9 in Axes
  5112 | D:6      | Reached * piety under Yredelemnul
  5128 | D:6      | Slain by a sky beast

Illustrated notes

Levels and vault maps discovered:
D:1:      evilmike_arrival_come_back, layout_rooms, serial_aquarium,
          aquarium_bridge_square [aquarium_subvault_window,
          aquarium_subvault_window, aquarium_subvault_bridge,
          aquarium_subvault_bridge], aquarium_bridge_long_joined
          [aquarium_subvault_bridge, aquarium_subvault_wall,
          aquarium_subvault_balcony, aquarium_subvault_wall,
          aquarium_subvault_window, aquarium_subvault_bridge],
          aquarium_window_1, aquarium_window_2, aquarium_window_corner,
          aquarium_view_2c, aquarium_view_2c, aquarium_balcony_3b,
          minmay_surrounded
D:2:      layout_loops_corners, minmay_misc_feat_iff, minmay_tromino_v4_a
D:3:      layout_basic
D:4:      layout_basic, grunt_temple_overflow_octagram,
          minmay_temple_entry_slanted
D:5:      layout_loops_cross, uniq_prince_ribbit1
D:6:      layout_layer_cave, nicolae_water_bricks, amcnicky_mini_pool_small,
          uniq_menkaure
Temple:   minmay_temple_bridge_abc

Skill      XL: |  1  2  3  4  5  6  7  8 |
---------------+-------------------------+-----
Axes           | 4 5 7 8 9 |  9.6
Fighting       | 3 4 |  4.7
Spellcasting   | 2 |  2.0
Conjurations   | 3 4 |  4.4
Translocations | 1 3 |  3.0
Dodging        | 2 |  2.5

Action                     |  1- 3 |  4- 6 |  7- 9 || total
---------------------------+-------+-------+-------++-------
  Melee: Hand axe          |   128 |   165 |    86 ||   379
   Cast: Momentum Strike   |       |       |     4 ||     4
 Invoke: Light the Black T |       |       |     3 ||     3
  Evoke: Wand              |       |     1 |     2 ||     3
    Use: Potion            |       |     2 |       ||     2
 Armour: Leather armour    |    80 |    69 |    59 ||   208
         Skin              |       |    23 |       ||    23
  Dodge: Dodged            |    89 |    73 |    30 ||   192

Table legend: (Time is in decaauts)
 A = Elapsed time spent in this place.
 B = Non-inter-level travel time spent in this place.
 C = Inter-level travel time spent in this place.
 D = Time resting spent in this place.
 E = Time spent auto-exploring this place.
 F = Levels seen in this place.
 G = Mean time per level.
                   A        B        C        D        E       F      G
               +--------+--------+--------+--------+--------+-----+--------+
         Total |   5110 |   4817 |    293 |    779 |   3037 |   7 |  730.0 |
       Dungeon |   5067 |   4814 |    253 |    779 |   3037 |   6 |  844.5 |
        Temple |     42 |      2 |     40 |      0 |      0 |   1 |   42.0 |
               +--------+--------+--------+--------+--------+-----+--------+

Top non-repeatable levels by time:
     D:2: 1207 daAuts
     D:4: 1113 daAuts
     D:5: 1062 daAuts
     D:3: 1056 daAuts
     D:1: 606 daAuts
  Temple: 42 daAuts
     D:6: 21 daAuts
